 Dungeon Crawl Stone Soup version 0.31.0-32-g396128a36d (webtiles) character file.

Game seed: 17089767727458021823

28314 Curundu the Severer (level 13, 0/177 HPs)
             Began as a Minotaur Berserker on Mar 22, 2024.
             Was a High Priest of Trog.
             Incinerated by a deep elf pyromancer (5 damage)
             ... with a pyre arrow
             ... on level 14 of the Dungeon.
             The game lasted 00:45:58 (15470 turns).

Curundu the Severer (Minotaur Berserker)           Turns: 15470, Time: 00:45:58

Health: 0/177      AC: 26    Str: 26    XL:     13   Next: 9%
Magic:  12/12      EV:  8    Int:  4    God:    Trog [*****.]
Gold:   908        SH:  7    Dex: 11    Spells: 12/12 levels left

rFire   . . .        l - +2 war axe (venom)
rCold   . . .        I - +0 buckler
rNeg    . . .        i - +5 plate armour
rPois   +            (helmet restricted)
rElec   .            k - +2 cloak
rCorr   +            m - +0 pair of gloves
SInv    .            (no boots)
Will    .....        (no amulet) Stlth
                     H - ring of poison resistance
HPRegen 0.49/turn    A - ring of resist corrosion
MPRegen 0.13/turn

%: no passive effects
@: berserking (expiring), on fire, glowing, studying Shields, very quick
A: horns 2, retaliatory headbutt
a: Renounce Religion, Berserk, Trog's Hand, Brothers in Arms


You were on level 14 of the Dungeon.
You worshipped Trog.
Trog was extremely pleased with you.
You visited 1 branch of the dungeon, and saw 14 of its levels.
You also visited: Sewer.

You collected 908 gold pieces.

Inventory:

Hand Weapons
 l - a +2 war axe of venom (weapon)
 C - a +1 scimitar of flaming
Missiles
 e - 2 javelins
 t - 10 boomerangs (quivered)
 x - a throwing net
Armour
 i - a +5 plate armour (worn)
 k - a +2 cloak (worn)
 m - a +0 pair of gloves (worn)
 I - a +0 buckler (worn)
Jewellery
 o - a ring of positive energy
 A - a ring of resist corrosion (right hand)
 H - a ring of poison resistance (left hand)
Wands
 b - a wand of charming (4)
 d - a wand of flame (56)
 u - a wand of iceblast (20)
 w - a wand of digging (9)
 B - a wand of mindburst (14)
 E - a wand of polymorph (9)
 M - a wand of light (7)
Scrolls
 a - 5 scrolls of fear
 c - 3 scrolls of enchant armour
 h - a scroll of teleportation
 p - a scroll of immolation
 v - 2 scrolls of fog
Potions
 f - 4 potions of mutation
 g - 8 potions of curing
 j - 5 potions of heal wounds
 n - 2 potions of enlightenment {unknown}
 q - 2 potions of resistance {unknown}
 r - 4 potions of haste
 z - 3 potions of invisibility
 D - 3 potions of berserk rage
 G - 3 potions of might


   Skills:
 + Level 12.3 Fighting
 + Level 16.5 Axes
 + Level 13.1 Armour
 - Level 2.6 Dodging
 * Level 13.7 Shields


You had 12 spell levels left.
You didn't know any spells.
Your spell library was empty.

Dungeon Overview and Level Annotations

Branches:
Dungeon (14/15)            Temple (0/1) D:5            Lair (0/5) D:10
    Orc (0/2) D:10          Sewer (visited)
 Vaults: D:13-14

Altars:
Ashenzari
Gozag
Hepliaklqana
Makhleb
Nemelex Xobeh
Qazlal
Ru
Sif Muna
Wu Jian
Yredelemnul

Shops:
D:2 :


Innate Abilities, Weirdness & Mutations

You have a pair of horns on your head.
You reflexively headbutt those who attack you in melee.


Message History

The two-headed ogre hits you with a +0 giant spiked club!
* * * LOW HITPOINT WARNING * * *
You barely miss the two-headed ogre.
The two-headed ogre is severely wounded.
The liquid fire burns you!
* * * LOW HITPOINT WARNING * * *
Your skin stops crawling.
You feel less strong-willed.
You slash the two-headed ogre!
The two-headed ogre looks as sick as possible!
The two-headed ogre is almost dead.
The liquid fire burns you!
* * * LOW HITPOINT WARNING * * *
The yaktaur shoots a bolt.
The bolt hits you but does no damage.
Unknown command.
You slice the two-headed ogre!!
You feel the power of Trog in you as your rage grows.
You kill the two-headed ogre!
Trog accepts your kill. The liquid fire burns you!
* * * LOW HITPOINT WARNING * * *
A deep elf pyromancer comes into view. It is wielding a +3 rapier.
You slash the ogre mage!
The ogre mage looks as sick as possible!
The ogre mage is moderately wounded.
The liquid fire burns you!
* * * LOW HITPOINT WARNING * * *
The yaktaur shoots a bolt.
The bolt hits you but does no damage.
You slice the ogre mage!!
The ogre mage looks as sick as possible!
The ogre mage is severely wounded.
You slash the yaktaur!
The yaktaur is poisoned.
The liquid fire burns you!
* * * LOW HITPOINT WARNING * * *
The ogre mage hits you with a +0 club.
* * * LOW HITPOINT WARNING * * *
You barely miss the ogre mage.
The ogre mage is severely wounded.
You slash the yaktaur!
The yaktaur looks as sick as possible!
The liquid fire burns you!
You die...

#.#..#.##
......e.
####.#..#.####
.............
......°...
###.#.§#.###
#...Oc)c...#
#@)# #..# #).#
#..# #.)# #..#
#..# #..# ###
#..# #..# #.#
#..# #..# #.#
##.#######.
###..####.#
#.....<...
..........#
#.........


You could see an ogre mage (extremely poisoned), 2 yaktaurs and a deep elf
pyromancer.

Vanquished Creatures
  Kirke (D:13)
  The ghost of spaghetti the Brawler, a journeyman OnBe of Trog (D:12)
  2 centaur warriors (D:13)
  4 two-headed ogres
  A tengu warrior (D:13)
  3 skeletal warriors (D:13)
  A mana viper (shapeshifter) (D:14)
  3 deep elf pyromancers
  4 ugly things
  An orc knight (D:14)
  4 cyclopes
  A manticore (D:11)
  Maurice (D:12)
  Joseph (D:7)
  A gargoyle (D:10)
  An unseen horror (D:13)
  A rime drake (D:10)
  3 yaktaurs (D:14)
  A tengu conjurer (D:13)
  An efreet (D:10)
  A queen bee (D:9)
  A hornet (D:7)
  A polar bear (D:10)
  2 trolls
  Sigmund (D:3)
  A wyvern (D:10)
  A wraith (D:12)
  A hog (D:13)
  13 yaks
  2 steam dragons
  11 vampire mosquitoes
  An acid dragon (D:12)
  10 ice beasts
  2 sky beasts
  6 orc warriors
  4 ogres
  2 wolves (D:10)
  6 centaurs
  A phantom (Sewer)
  8 kobold brigands
  5 bullfrogs
  A scorpion (D:7)
  14 wights
  32 killer bees
  A howler monkey (D:9)
  7 electric eels (D:9)
  3 orc priests
  A bombardier beetle (D:5)
  3 hounds
  2 jellies (D:8)
  A gnoll bouda (D:6)
  Ijyb (D:4)
  A sleepcap (D:5)
  2 iguanas
  8 orc wizards
  A human skeleton (D:3)
  4 gnolls (D:6)
  5 adders
  2 river rats (D:3)
  6 shadow imps
  A white imp (D:8)
  An ufetubus (Sewer)
  4 dart slugs
  3 ribbon worms
  24 orcs
  4 bats
  9 endoplasms
  6 giant cockroaches
  11 goblins
  3 hobgoblins
  8 jackals
  44 kobolds
  A quokka (D:1)
  9 ball pythons
  A goblin skeleton (D:3)
  2 kobold zombies (Sewer)
  7 rats
349 creatures vanquished.

Vanquished Creatures (others)
  A deep elf knight (D:14)
  2 humans (D:13)
  A vampire mosquito (D:13)
4 creatures vanquished.

Grand Total: 353 creatures vanquished

Notes
Turn   | Place    | Note
-------+----------+-------------------------------------------
     0 | D:1      | Curundu the Minotaur Berserker began the quest for the Orb.
     0 | D:1      | Reached XP level 1. HP: 19/19 MP: 0/0
   191 | D:1      | Reached skill level 4 in Axes
   198 | D:1      | Reached XP level 2. HP: 23/27 MP: 1/1
   383 | D:1      | Reached ** piety under Trog
   404 | D:1      | Reached XP level 3. HP: 33/33 MP: 2/2
   636 | D:2      | Found a burning altar of Makhleb.
   787 | D:2      | Found Hukaq's Vocational Training.
  1322 | D:3      | Noticed an ogre
  1328 | D:3      | Killed an ogre
  1329 | D:3      | Reached skill level 5 in Axes
  1329 | D:3      | Reached skill level 1 in Shields
  1329 | D:3      | Reached XP level 4. HP: 41/41 MP: 3/3
  1329 | D:3      | Reached XP level 5. HP: 47/47 MP: 4/4
  1522 | D:3      | Found a hazy altar of Hepliaklqana.
  1636 | D:3      | Found a glowing drain.
  1662 | Sewer    | Entered a sewer
  1685 | Sewer    | Reached skill level 6 in Axes
  1765 | Sewer    | Reached *** piety under Trog
  1841 | Sewer    | Reached XP level 6. HP: 29/53 MP: 5/5
  1922 | Sewer    | Reached skill level 7 in Axes
  2097 | Sewer    | Found an ancient bone altar of Kikubaaqudgha.
  2399 | D:3      | Found a runed translucent door.
  2399 | D:3      | Noticed a human
  2408 | D:3      | Reached skill level 5 in Fighting
  2409 | D:3      | Found a basalt altar of Yredelemnul.
  2649 | D:3      | Noticed Sigmund
  2660 | D:3      | Killed Sigmund
  2661 | D:3      | Reached XP level 7. HP: 54/61 MP: 6/6
  2886 | D:4      | Noticed Ijyb
  2898 | D:4      | Killed Ijyb
  2931 | D:4      | Found an ornate altar of the Wu Jian Council.
  3120 | D:4      | Found a shimmering blue altar of Sif Muna.
  3191 | D:4      | Reached skill level 8 in Axes
  3366 | D:5      | Entered Level 5 of the Dungeon
  3557 | D:5      | Found an opulent altar of Gozag.
  3560 | D:5      | Found an opulent altar of Gozag.
  3560 | D:5      | Found an opulent altar of Gozag.
  3560 | D:5      | Noticed a troll
  3567 | D:5      | Killed a troll
  3568 | D:5      | Reached skill level 5 in Armour
  3568 | D:5      | Reached XP level 8. HP: 65/70 MP: 7/7
  3572 | D:5      | Found an opulent altar of Gozag.
  3807 | D:5      | Reached skill level 9 in Axes
  3877 | D:5      | Reached skill level 5 in Shields
  3940 | D:5      | Found a staircase to the Ecumenical Temple.
  4647 | D:6      | Reached skill level 10 in Axes
  5350 | D:7      | Found a stormy altar of Qazlal.
  5360 | D:7      | Reached XP level 9. HP: 54/78 MP: 8/8
  5799 | D:7      | Reached **** piety under Trog
  5852 | D:7      | Noticed a two-headed ogre
  5864 | D:7      | Killed a two-headed ogre
  5865 | D:7      | Reached skill level 11 in Axes
  6081 | D:7      | Noticed Joseph
  6096 | D:7      | Killed Joseph
  6152 | D:7      | Found a broken altar of Ashenzari.
  6182 | D:7      | Reached XP level 10. HP: 41/88 MP: 9/9
  6868 | D:8      | Reached skill level 12 in Axes
  7963 | D:9      | Reached skill level 13 in Axes
  7964 | D:9      | Reached ***** piety under Trog
  8406 | D:9      | HP: 2/91 [electric eel/bolt of electricity (12)]
  8528 | D:9      | Noticed a two-headed ogre
  8538 | D:9      | Killed a two-headed ogre
  8539 | D:9      | Reached XP level 11. HP: 69/97 MP: 10/10
  9479 | D:9      | Identified the +4 hand axe of Famine {freeze, Will- Int+4}
  9520 | D:9      | Reached skill level 10 in Armour
  9948 | D:9      | Found a sacrificial altar of Ru.
 10501 | D:10     | Entered Level 10 of the Dungeon
 10572 | D:10     | Found a sparkling altar of Nemelex Xobeh.
 10644 | D:10     | Found a staircase to the Orcish Mines.
 10781 | D:10     | Found a staircase to the Lair.
 10952 | D:10     | Reached skill level 14 in Axes
 11134 | D:10     | Reached skill level 10 in Fighting
 11621 | D:11     | Identified a scroll of acquirement
 11621 | D:11     | Acquired a manual of Shields
 11833 | D:11     | Reached skill level 10 in Shields
 12311 | D:12     | Found a runed translucent door.
 12311 | D:12     | Noticed spaghetti's ghost (journeyman OnBe)
 12568 | D:12     | Noticed Maurice
 12607 | D:12     | Killed Maurice
 12615 | D:12     | Reached skill level 15 in Axes
 12919 | D:12     | Killed spaghetti's ghost
 12920 | D:12     | Reached XP level 12. HP: 108/108 MP: 11/11
 13695 | D:13     | Noticed a centaur warrior
 13714 | D:13     | Killed a centaur warrior
 13725 | D:13     | Noticed Kirke
 13748 | D:13     | Killed Kirke
 13901 | D:13     | Noticed a tengu warrior
 13924 | D:13     | Killed a tengu warrior
 14146 | D:13     | Reached skill level 16 in Axes
 14464 | D:13     | Identified the +7 trident of Inconvenience {flame, Fly
                  | Str+7 Int-4}
 14873 | D:13     | Noticed a centaur warrior
 14883 | D:13     | Killed a centaur warrior
 15427 | D:14     | Noticed a two-headed ogre
 15440 | D:14     | Killed a two-headed ogre
 15454 | D:14     | Reached XP level 13. HP: 85/118 MP: 12/12
 15469 | D:14     | HP: 7/177 [burnt (7)]
 15470 | D:14     | Incinerated by a deep elf pyromancer

Illustrated notes

Levels and vault maps discovered:
D:1:      ncdulo_smallfort, layout_rooms, minmay_distorted
D:2:      layout_basic, basic_altar, nicolae_shop_vocational
D:3:      layout_loops_ring, nicolae_hepliaklqana_hippocampus,
          dk_yredelemnul_ordeal, portal_sewer_entry_c, uniq_sigmund
D:4:      layout_rooms, mainiacjoe_overflow_cross_hatched,
          nicolae_sif_muna_little_library, minivault_11,
          minmay_misc_feat_diagonals, grunt_decor_fettered, ldierk_geyser,
          uniq_ijyb
D:5:      layout_basic, nicolae_gozag_conspicuous_consumption,
          minmay_temple_entry_offerings
D:6:      nicolae_cairo_tiling_large_dashed, layout_gridville
D:7:      layout_cave_pools, cheibrodos_ashenzari_chains, grunt_qazlal_clouds,
          uniq_joseph
D:8:      layout_gridville
D:9:      layout_basic, nicolae_ru_path_of_blood, special_room
          [special_room_bee]
D:10:     layout_irregular_city, nemelex_diamond_rough_becter,
          hellmonk_lair_entry_icy, orc_0_dummy, lightli_fourway_metalbox
D:11:     layout_layer_cave
D:12:     layout_basic, gammafunk_ghost_grave, uniq_maurice
D:13:     layout_loops_ring, serial_aquarium, aquarium_bridge_square
          [aquarium_subvault_bridge, aquarium_subvault_wall,
          aquarium_subvault_bridge, aquarium_subvault_wall],
          aquarium_bridge_square [aquarium_subvault_window,
          aquarium_subvault_wall, aquarium_subvault_bridge,
          aquarium_subvault_window], aquarium_window_1, aquarium_window_3,
          aquarium_window_corner, aquarium_window_1, aquarium_view_2c,
          uniq_kirke
D:14:     minmay_chambers_of_sevens, layout_long_grid,
          hangedman_vaults_entry_quadrant_bands, amcnicky_mini_pool_small

Skill      XL: |  1  2  3  4  5  6  7  8  9 10 11 12 13 |
---------------+----------------------------------------+-----
Axes           | 4 5 6 7 8 10 11 13 15 16 | 16.5
Fighting       | 4 5 6 7 9 10 12 | 12.3
Armour         | 3 4 5 6 8 9 11 12 13 | 13.1
Shields        | 1 2 3 4 5 7 9 11 13 | 13.7
Dodging        | |  2.6

Action                     |  1- 3 |  4- 6 |  7- 9 | 10-12 | 13-15 || total
---------------------------+-------+-------+-------+-------+-------++-------
  Melee: Hand axe          |    24 |       |       |       |       ||    24
         Headbutt          |     8 |    11 |    47 |   133 |     1 ||   200
         War axe           |    46 |    83 |   194 |   626 |    16 ||   965
         Punch             |       |       |     6 |     9 |       ||    15
 Invoke: Berserk           |     1 |     2 |     4 |    10 |       ||    17
         Trog's Hand       |       |     2 |     5 |    11 |       ||    18
    Use: Scroll            |       |       |    18 |    12 |       ||    30
         Potion            |       |       |     1 |       |       ||     1
 Armour: Animal skin       |    10 |       |       |       |       ||    10
         Chain mail        |    53 |   114 |   165 |       |       ||   332
         Plate armour      |       |       |    52 |   798 |    12 ||   862
  Dodge: Dodged            |    42 |    85 |   107 |   263 |     4 ||   501
  Block: Buckler           |       |       |       |    13 |     5 ||    18
